Map: Prion Terraces

Players

SortOf - Winner!

  • Race: Zerg Zerg
  • League: Grandmaster

Probe

  • Race: Protoss Protoss

Event: DreamHack ROCCAT LotV Championship

VOD

Have the link to the VOD?

Description

Time

  • Played on: Nov. 26, 2015, 7:43 a.m.
  • Length: 8:13

All games in this series

Show
View Real Time Build Order
Export as new Build Order

SortOf Zerg - Winner!

Build Orders: Hatch First 

Get SALT Encoding   

  12  0:00  Drone  
  13  0:12  Overlord  
  13  0:17  Drone  
  14  0:32  Drone  
  14  0:33  Drone  
  16  0:38  Drone  
  17  0:46  Drone  
  18  0:57  Hatchery  
  18  0:59  Drone  
  18  1:18  Drone x2  
  18  1:21  Spawning Pool  
  18  1:40  Hatchery  
  18  1:43  Drone  
  18  1:45  Extractor  
  17  1:47  Drone  
  17  1:52  Drone  
  19  2:00  Drone  
  20  2:10  Queen  
  20  2:12  Zergling x2  
  20  2:14  Zergling x2  
  24  2:20  Drone  
  25  2:23  Drone  
  25  2:28  Queen  
  28  2:36  Overlord  
  28  2:49  Metabolic Boost  
  28  2:51  Zergling x2  
  28  2:52  Queen, Zergling x2  
  28  2:53  Drone  
  28  2:55  Drone  
  28  2:58  Drone  
  35  3:01  Overlord  
  35  3:03  Drone  
  36  3:09  Zergling x2  
  36  3:12  Queen  
  39  3:14  Drone  
  40  3:21  Evolution Chamber  
  40  3:22  Drone  
  40  3:25  Drone  
  40  3:26  Drone x2  
  42  3:28  Drone  
  42  3:30  Drone  
  44  3:35  Roach Warren  
  44  3:39  Overlord  
  43  3:45  Zergling x6  
  43  3:46  Zergling x2  
  47  3:54  Drone x2  
  49  3:57  Overlord  
  49  3:59  Drone x2  
  49  4:01  Zerg Melee Weapons Level 1  
  51  4:03  Drone  
  51  4:07  Zergling x2  
  53  4:12  Drone  
  53  4:13  Drone  
  53  4:14  Overlord  
  53  4:15  Spore Crawler, Extractor  
  53  4:16  Drone  
  54  4:19  Drone x2  
  54  4:21  Extractor  
  55  4:25  Drone  
  55  4:37  Drone x2  
  57  4:39  Lair  
  57  4:43  Drone  
  57  4:44  Drone  
  56  4:49  Drone x2  
  56  4:50  Drone  
  56  4:52  Drone x4  
  63  4:53  Drone x5  
  68  5:00  Roach x2  
  68  5:02  Extractor  
  71  5:08  Roach  
  71  5:09  Overlord, Extractor x2  
  71  5:10  Overlord, Drone x2  
  73  5:20  Zergling x2  
  74  5:21  Overlord  
  74  5:24  Hatchery  
  73  5:32  Drone x2  
  73  5:33  Drone x5  
  80  5:37  Drone x3  
  80  5:38  Drone  
  80  5:42  Ravager x3  
  87  5:44  Zergling x10  
  87  5:48  Spire  
  91  5:51  Overseer  
  91  5:52  Infestation Pit  
  91  5:53  Zergling x4  
  92  6:02  Drone  
  92  6:03  Drone  
  92  6:04  Drone x2  
  96  6:09  Zergling x2  
  96  6:10  Zergling x2  
  98  6:13  Overlord x3  
  98  6:15  Overlord x2  
  98  6:19  Overlord  
  98  6:25  Drone  
  98  6:26  Overlord  
  98  6:30  Extractor  
  98  6:31  Drone x4  
  100  6:34  Extractor  
  100  6:37  Zergling x2  
  100  6:38  Zergling x12  
  104  6:56  Overlord  
  104  6:59  Drone  
  104  7:01  Overlord x2  
  105  7:02  Mutalisk x9  
  123  7:12  Mutalisk  
  123  7:13  Mutalisk  
  123  7:15  Zergling x8  
  129  7:24  Mutalisk  
  129  7:25  Mutalisk  
  133  7:34  Spine Crawler  
  133  7:35  Zergling x24  
  133  7:36  Spine Crawler  
  143  7:38  Spine Crawler  
  150  7:53  Zergling x2  
  150  7:54  Zergling x8  
Show
View Real Time Build Order
Export as new Build Order

Probe Protoss 

Build Orders: 1 Gate Expand 

Get SALT Encoding   

  12  0:01  Probe (Chrono Boost)  
  13  0:11  Probe (Chrono Boost)  
  14  0:18  Pylon  
  14  0:22  Probe (Chrono Boost)  
  15  0:36  Probe (Chrono Boost)  
  15  0:39  Gateway  
  16  0:47  Probe (Chrono Boost)  
  17  0:51  Assimilator  
  17  0:57  Probe (Chrono Boost)  
  18  1:08  Probe (Chrono Boost)  
  19  1:19  Probe (Chrono Boost)  
  20  1:35  Nexus  
  20  1:39  Cybernetics Core, Probe (Chrono Boost)  
  21  1:48  Assimilator  
  21  1:49  Probe (Chrono Boost)  
  22  1:54  Pylon  
  22  2:02  Probe (Chrono Boost)  
  23  2:16  Mothership Core (Chrono Boost)  
  23  2:18  Adept (Chrono Boost)  
  27  2:27  Warp Gate  
  27  2:36  Probe (Chrono Boost)  
  28  2:43  Adept  
  30  2:47  Probe x2 (Chrono Boost)  
  32  2:58  Probe x2 (Chrono Boost)  
  34  3:08  Probe x2 (Chrono Boost)  
  34  3:11  Sentry  
  38  3:19  Probe x2 (Chrono Boost)  
  40  3:21  Nexus  
  40  3:23  Pylon  
  40  3:29  Probe x2 (Chrono Boost)  
  42  3:35  Pylon  
  42  3:38  Robotics Facility  
  42  3:39  Sentry  
  45  3:41  Probe (Chrono Boost)  
  45  3:45  Probe (Chrono Boost)  
  46  3:52  Probe (Chrono Boost)  
  46  3:55  Probe (Chrono Boost)  
  48  4:00  Twilight Council  
  48  4:02  Probe (Chrono Boost), Pylon  
  49  4:06  Probe (Chrono Boost)  
  50  4:13  Probe (Chrono Boost)  
  50  4:14  Pylon  
  52  4:17  Pylon  
  52  4:20  Gateway  
  52  4:22  Gateway  
  52  4:29  Immortal (Chrono Boost)  
  55  4:32  Probe  
  55  4:33  Probe  
  57  4:40  Probe, Pylon  
  57  4:47  Probe, Assimilator  
  58  4:58  Probe x2  
  58  4:59  Probe  
  61  5:04  Warp Prism (Chrono Boost)  
  61  5:05  Charge (Chrono Boost)  
  61  5:06  Assimilator  
  61  5:11  Probe x3  
  66  5:20  Zealot x2  
  70  5:23  Probe  
  70  5:24  Probe  
  72  5:33  Pylon  
  72  5:34  Pylon  
  72  5:35  Immortal, Zealot  
  74  5:42  Gateway  
  78  5:46  Gateway  
  78  5:49  Forge  
  78  5:50  Sentry x2  
  78  5:55  Gateway  
  82  5:57  Stalker  
  84  6:07  Gateway  
  84  6:09  Immortal  
  88  6:26  Adept x2  
  88  6:27  Adept  
  88  6:32  Gateway  
  94  6:34  Gateway  
  94  6:37  Gateway  
  94  6:44  Warp Prism  
  94  6:50  Zealot x4  
  94  6:52  Probe  
  94  6:53  Probe  
  98  6:56  Templar Archives  
  98  6:57  Assimilator x2  
  98  7:02  Probe  
  98  7:03  Stargate  
  98  7:04  Probe  
  98  7:06  Stargate  
  100  7:14  Zealot  
  100  7:15  Zealot x3  
  108  7:18  Probe x2  
  110  7:38  Zealot x3  
  110  7:43  Stalker x4  
  120  7:58  Stalker x5  

Tags
 
Add a new tag
Caveats
  • Supply blocks, unpowered buildings, or Contaminate may cause inaccurate times.
  • Supply counts are checked every 10 seconds.